 Dungeon Crawl Stone Soup version 0.26.1-11-gd32895ea62 (webtiles) character file.

Game seed: 14314107729150605549

53 Almogavar the Conjurer (level 4, -3/24 HPs)
             Began as a Kobold Conjurer on May 24, 2021.
             Slain by Natasha (4 damage)
             ... on level 2 of the Dungeon.
             The game lasted 00:05:01 (1723 turns).

Almogavar the Conjurer (Kobold Conjurer)            Turns: 1723, Time: 00:05:02

Health: -3/24      AC:  2    Str:  4    XL:     4   Next: 11%
Magic:  0/7        EV: 15    Int: 20    God:
Gold:   82         SH:  0    Dex: 13    Spells: 5/8 levels left

rFire    . . .     SeeInvis .   c - +0 dagger
rCold    . . .     Faith    .   (shield restricted)
rNeg     . . .     Spirit   .   a - +0 robe
rPois    .         Reflect  .   (no helmet)
rElec    .         Harm     .   (no cloak)
rCorr    .         Rampage  .   (no gloves)
Will     .....                  (no boots)
Stlth    +++.......             (no amulet)
HPRegen  0.08/turn              (no ring)
MPRegen  0.10/turn              (no ring)

@: no status effects
A: small, nightstalker 3
a: no special abilities


You were on level 2 of the Dungeon.
You visited 1 branch of the dungeon, and saw 2 of its levels.

You collected 82 gold pieces.

Inventory:

Hand Weapons
 c - a +0 dagger (weapon)
Armour
 a - a +0 robe (worn)
 e - a +0 leather armour
Scrolls
 b - a scroll of amnesia
 d - 2 scrolls of identify
Potions
 f - 2 potions of haste
 g - a potion of brilliance {unknown}


   Skills:
 + Level 0.1 Short Blades
 + Level 2.5 Dodging
 + Level 3.7 Stealth
 + Level 2.6 Spellcasting
 + Level 4.8 Conjurations


You had 5 spell levels left.
You knew the following spells:

 Your Spells              Type           Power        Failure   Level
a - Magic Dart            Conj           84%          1%          1
b - Searing Ray           Conj           42%          3%          2

Your spell library contained the following spells:

 Spells                   Type           Power        Failure   Level
 Dazzling Flash           Conj/Hex       24%          17%         3
 Fulminant Prism          Conj/Hex       6%           50%         4
 Iskenderun's Mystic Bla  Conj/Tloc      12%          50%         4


Dungeon Overview and Level Annotations

Branches:
Dungeon (2/15)

Altars:

Annotations:
D:2 Natasha, Sigmund, Terence


Innate Abilities, Weirdness & Mutations

You are small and have problems with some larger weapons.
You are completely attuned to the shadows.


Message History

The magic dart hits you!
* * * LOW HITPOINT WARNING * * *
You hit Natasha but do no damage.
Natasha is severely wounded.
Natasha misses you.
You completely miss Natasha.
Natasha is severely wounded.
Natasha barely misses you.
You closely miss Natasha.
Natasha is heavily wounded.
Natasha closely misses you.
Casting: Searing Ray (safe; 3% risk of failure)
Confirm with . or Enter, or press ? or * to list all spells.
Aiming: Magic Dart (safe; 1% risk of failure)
Press: ? - help, Shift-Dir - straight line, f/p - Natasha
Aim: Natasha (heavily wounded, 0% to evade)
The magic dart hits Natasha.
Natasha is severely wounded.
Natasha claws you.
You die...

.##
###.#
†.# #.#
..# #.#
..# #.#
#.# #.#
#.# #.#
#.##..
#.#
....†.
#####.#
#.....
...h@.#
#.....
.######
###...
.# #..
... .#


You could see Natasha.

Vanquished Creatures
  An adder (D:2)
  An ooze (D:1)
  2 dart slugs (D:1)
  2 leopard geckos (D:1)
  2 ball pythons
  5 bats
  A giant cockroach (D:2)
  3 goblins
  3 hobgoblins
  5 frilled lizards (D:1)
  5 kobolds
  6 rats
36 creatures vanquished.

Notes
Turn   | Place    | Note
-------+----------+-------------------------------------------
     0 | D:1      | Almogavar the Kobold Conjurer began the quest for the Orb.
     0 | D:1      | Reached XP level 1. HP: 10/10 MP: 3/3
   169 | D:1      | Reached XP level 2. HP: 15/15 MP: 1/5
   172 | D:1      | Learned a level 2 spell: Searing Ray
   603 | D:1      | Reached XP level 3. HP: 19/19 MP: 3/6
  1284 | D:2      | Noticed Terence
  1403 | D:2      | Reached XP level 4. HP: 24/24 MP: 7/7
  1501 | D:2      | Noticed Sigmund
  1712 | D:2      | Noticed Natasha
  1719 | D:2      | HP: 1/24 [Natasha/magic dart (9)]
  1723 | D:2      | Slain by Natasha

Illustrated notes

Levels and vault maps discovered:
D:1:      elethiomel_arrival_maze, layout_basic
D:2:      layout_loops_ring, nzn_hepliaklqana_mist_gate,
          minmay_misc_feat_enclosed, uniq_terence, uniq_sigmund, uniq_natasha

Skill      XL: |  1  2 |
---------------+-------+-----
Stealth        | 3 |  3.7
Short Blades   | |  0.1
Dodging        | |  2.5
Spellcasting   | |  2.6
Conjurations   | |  4.8

Action                   |  1- 3 |  4- 6 || total
-------------------------+-------+-------++-------
Melee: Dagger            |     9 |     7 ||    16
 Cast: Magic Dart        |    21 |     1 ||    22
       Searing Ray       |    11 |     6 ||    17
  Use: Scroll            |     2 |       ||     2
 Stab: Sleeping          |     7 |     2 ||     9
Armor: Robe              |     2 |       ||     2
Dodge: Dodged            |     4 |     7 ||    11
